 Seeded DCSS version 0.29.1-13-g9f3cf754e1 (webtiles) character file.

Game seed: 17661172475512035758 (custom seed)

2488 retardedninja the Protected (level 9, -10/82 HPs)
             Began as a Minotaur Fighter on Jan 19, 2023.
             Was an Initiate of Gozag.
             Mangled by a gnoll sergeant
             ... wielding a +0 glaive
              (13 damage)
             ... in a bailey.
             The game lasted 00:10:37 (9550 turns).

retardedninja the Protected (Minotaur Fighter)      Turns: 9550, Time: 00:10:37

Health: -10/82     AC: 14    Str: 29    XL:     9   Next: 27%
Magic:  17/17      EV:  8    Int:  5    God:    Gozag
Gold:   1413       SH:  6    Dex: 11    Spells: 8/8 levels left

rFire   . . .      SeeInvis .   a - +1 war axe
rCold   + . .      Faith    .   c - +0 buckler
rNeg    . . .      Spirit   .   h - +0 chain mail
rPois   .          Reflect  .   (helmet restricted)
rElec   .          Harm     .   (no cloak)
rCorr   .          Rampage  .   z - +0 pair of gloves
Will    +....                   d - +1 pair of boots "Guevag" {rF- Will+ MP+9 Str+5}
Stlth   ..........              (no amulet)
HPRegen 0.23/turn               k - ring of protection from fire
MPRegen 0.15/turn               r - ring of protection from cold

@: no status effects
A: horns 2, retaliatory headbutt
a: Renounce Religion, Potion Petition, Call Merchant, Bribe Branch


You were in a bailey.
You worshipped Gozag.
Gozag was most pleased with you.
You visited 2 branches of the dungeon, and saw 8 of its levels.
You also visited: Bailey.

You collected 1524 gold pieces.
You paid 111 gold pieces to Gozag.

Inventory:

Hand Weapons
 a - a +1 war axe (weapon)
Missiles
 n - 2 throwing nets (quivered)
Armour
 c - a +0 buckler (worn)
 d - the +1 pair of boots "Guevag" (worn) {rF- Will+ MP+9 Str+5}
   (You acquired it on level 4 of the Dungeon)

   Str:       It affects your strength (+5).
   rF:        It makes you vulnerable to fire.
   MP:        It affects your magic capacity (+9).
   Will:      It increases your willpower.
 h - a +0 chain mail (worn)
 z - a +0 pair of gloves (worn)
Jewellery
 k - a ring of protection from fire (left hand)
 r - a ring of protection from cold (right hand)
Wands
 o - a wand of charming (9)
 q - a wand of mindburst (13)
Scrolls
 b - a scroll of fear
 e - 2 scrolls of teleportation
 l - a scroll of magic mapping
Potions
 f - 2 potions of magic
 g - 3 potions of flight
 j - 3 potions of attraction
 m - 2 potions of degeneration
 t - a potion of cancellation


   Skills:
 + Level 8.3 Fighting
 + Level 7.9 Axes
 + Level 8.5 Armour
 + Level 8.3 Shields


You had 8 spell levels left.
You didn't know any spells.
Your spell library contained the following spells:

 Spells                   Type           Power      Damage    Failure   Level
 Summon Small Mammal      Summ           0%         N/A       96%         1
 Static Discharge         Conj/Air       0%         3-3/arc   99%         2
 Call Canine Familiar     Summ           0%         N/A       100%        3
 Stone Arrow              Conj/Erth      0%         3d7       100%        3
 Summon Guardian Golem    Hex/Summ       0%         N/A       100%        3
 Animate Armour           Summ/Erth      0%         N/A       100%        4
 Dispel Undead            Necr           0%         3d6       100%        4
 Sticky Flame             Conj/Fire      0%         2d3       100%        4
 Lehudib's Crystal Spear  Conj/Erth      0%         10d2      100%        8


Dungeon Overview and Level Annotations

Branches:
Dungeon (7/15)             Temple (1/1) D:6          Bailey (1/1)

Altars:
Elyvilon
Gozag
Hepliaklqana
Kikubaaqudgha
Makhleb
Nemelex Xobeh
Okawaru
Qazlal
Ru
Sif Muna
Trog
Uskayaw
Wu Jian
Xom
Yredelemnul
Zin
The Shining One

Annotations:
D:5 2 transporters


Innate Abilities, Weirdness & Mutations

You have a pair of horns on your head.
You reflexively headbutt those who attack you in melee.


Message History

The gnoll sergeant hits you but does no damage.
You hit the gnoll sergeant but do no damage.
You headbutt the gnoll sergeant, but do no damage.
The gnoll sergeant hits you with a +0 glaive.
You hit the gnoll sergeant.
The gnoll sergeant is lightly wounded.
The gnoll sergeant closely misses you.
You hit the gnoll sergeant.
The gnoll sergeant is lightly wounded.
You block the gnoll sergeant's attack.
You hit the gnoll sergeant but do no damage.
Your headbutt misses the gnoll sergeant.
The gnoll sergeant is lightly wounded.
The gnoll sergeant hits you with a +0 glaive.
You block the gnoll sergeant's attack.
You hit the gnoll sergeant but do no damage.
You headbutt the gnoll sergeant!
The gnoll sergeant is moderately wounded.
The gnoll sergeant closely misses you.
You hit the gnoll sergeant but do no damage.
The gnoll sergeant is moderately wounded.
The gnoll sergeant hits you with a +0 glaive.
You hit the gnoll sergeant.
The gnoll sergeant is heavily wounded.
The gnoll sergeant hits you with a +0 glaive!
* * * LOW HITPOINT WARNING * * *
You barely miss the gnoll sergeant.
The gnoll sergeant is heavily wounded.
The gnoll sergeant hits you but does no damage.
You hit the gnoll sergeant but do no damage.
You headbutt the gnoll sergeant.
The gnoll sergeant is heavily wounded.
The gnoll sergeant hits you with a +0 glaive!
* * * LOW HITPOINT WARNING * * *
You barely miss the gnoll sergeant.
You headbutt the gnoll sergeant, but do no damage.
The gnoll sergeant is heavily wounded.
The gnoll sergeant hits you with a +0 glaive!
You die...
Your body crumbles into a pile of gold.

#...$'...)....##
#.....#...#.....#
#8g.g.##)##....8#
#....##$$.##....#
#...##.$...##...#
#...#..)....#...#
#...#...8...#'###≈♣
#...#..g....#.).#≈♣
##.@)..##...#≈♣
##)).##....#≈♣
##'##....8#≈♣
#...#.....#≈♣
#...#'#####≈♣
#...#.)..#.≈♣
.######'''######.≈♣
...............).≈♣
≈........)$.....≈≈♣


You could see a gnoll sergeant.

Vanquished Creatures
  Grinder (D:6)
  An ogre (D:4)
  3 wolves (Bailey)
  A centaur (D:5)
  2 phantoms
  6 gnoll sergeants (Bailey)
  A scorpion (D:5)
  4 wights (D:6)
  6 killer bees (D:6)
  A jelly (D:6)
  An orc priest (D:6)
  4 gnoll boudas (Bailey)
  6 hounds
  4 iguanas
  10 adders
  7 gnolls (Bailey)
  A shadow imp (D:7)
  A white imp (D:6)
  2 dart slugs
  12 orcs
  5 ball pythons
  3 bats
  6 endoplasms
  4 giant cockroaches
  8 goblins
  8 hobgoblins
  12 jackals
  2 quokkas
  3 frilled lizards
  8 kobolds
  4 rats
137 creatures vanquished.

Vanquished Creatures (collateral kills)
  A gnoll sergeant (Bailey)
  A gnoll bouda (Bailey)
  3 gnolls (Bailey)
5 creatures vanquished.

Grand Total: 142 creatures vanquished

Notes
Turn   | Place    | Note
-------+----------+-------------------------------------------
     0 | D:1      | retardedninja the Minotaur Fighter began the quest for the
                  | Orb.
     0 | D:1      | Reached XP level 1. HP: 19/19 MP: 0/0
   244 | D:1      | Reached XP level 2. HP: 17/27 MP: 1/1
   665 | D:1      | Found a faded altar of an unknown god.
  1161 | D:2      | Reached XP level 3. HP: 32/33 MP: 2/2
  1478 | D:2      | Found a shimmering blue altar of Sif Muna.
  1615 | D:3      | Reached XP level 4. HP: 36/40 MP: 3/3
  2267 | D:3      | Identified the +6 trident "Yplash" {vorpal, *Corrode rF+
                  | Int+4}
  3011 | D:4      | Reached XP level 5. HP: 44/47 MP: 4/4
  3196 | D:4      | Noticed an ogre
  3205 | D:4      | Killed an ogre
  3206 | D:4      | Reached skill level 5 in Fighting
  3206 | D:4      | Reached skill level 5 in Armour
  3206 | D:4      | Reached skill level 5 in Shields
  3206 | D:4      | Reached XP level 6. HP: 14/56 MP: 5/5
  4182 | D:4      | Identified 2 scrolls of acquirement
  4182 | D:4      | Acquired 1023 gold pieces
  4184 | D:4      | Acquired the +1 pair of boots "Guevag" {rF- Will+ MP+9
                  | Str+5}
  4275 | D:5      | Entered Level 5 of the Dungeon
  4345 | D:5      | Found a transporter.
  4627 | D:5      | Reached skill level 5 in Axes
  4627 | D:5      | Reached XP level 7. HP: 54/62 MP: 6/6
  4683 | D:5      | Found a transporter.
  5498 | D:6      | Reached XP level 8. HP: 67/71 MP: 7/7
  5575 | D:6      | Noticed Grinder
  5578 | D:6      | Paralysed by Grinder for 2 turns
  5593 | D:6      | Killed Grinder
  6448 | D:6      | Found a staircase to the Ecumenical Temple.
  6574 | Temple   | Entered the Ecumenical Temple
  6768 | Temple   | Became a worshipper of Gozag Ym Sagoz the Greedy
  7494 | D:7      | Found a flagged portal.
  7583 | Bailey   | Entered a bailey
  8743 | Bailey   | Reached XP level 9. HP: 40/81 MP: 8/8
  9525 | Bailey   | Identified the +6 scale mail of Cuosch {Will+ Int+6}
  9549 | Bailey   | HP: 2/82 [gnoll sergeant/+0 glaive (15)]
  9550 | Bailey   | Mangled by a gnoll sergeant

Illustrated notes

Levels and vault maps discovered:
D:1:      kennysheep_arrival_seaside, layout_loops_ring,
          hellmonk_ecumenical_altar_inner_sanctum, serial_glass,
          glass_columns_c, glass_columns_b, minmay_strange_pillars,
          due_unseen_surprise, minmay_strange_pillars, feat_on_display,
          st_stairs_7
D:2:      layout_basic, basic_altar, minivault_24
D:3:      layout_loops_ring, minmay_stone_trees_small, minivault_27, minivault_5
D:4:      layout_cave_pools, serial_rivers, chequers_serial_rivers_micro_a,
          chequers_serial_rivers_large_b, chequers_serial_rivers_marsh,
          chequers_serial_rivers_micro_a, chequers_serial_rivers_micro_e,
          chequers_serial_rivers_small_3, grunt_ministairs_10
D:5:      gammafunk_steamed_eel, layout_basic
D:6:      layout_basic, minmay_temple_entry_trees, uniq_grinder
D:7:      layout_rooms, minitemple, gammafunk_temple_overflow_elements,
          enter_bailey_8, uniq_maggie
Temple:   minmay_crystal_spiral_temple
Bailey:   bailey_polearm_gnolls_kennysheep, bailey

Skill      XL: |  1  2  3  4  5  6  7  8  9 |
---------------+----------------------------+-----
Armour         | 4 5 6 8 |  8.5
Shields        | 4 5 6 7 8 |  8.3
Fighting       | 4 5 6 8 |  8.3
Axes           | 3 4 5 6 7 |  7.9

Action                   |  1- 3 |  4- 6 |  7- 9 || total
-------------------------+-------+-------+-------++-------
Melee: War axe           |    76 |    98 |   179 ||   353
       Headbutt          |     8 |    12 |    48 ||    68
Evoke: Wand              |       |       |     6 ||     6
  Use: Scroll            |       |    11 |    13 ||    24
       Potion            |       |     2 |     8 ||    10
Armor: Scale mail        |    40 |    28 |       ||    68
       Chain mail        |       |    36 |    92 ||   128
Dodge: Dodged            |    39 |    38 |    99 ||   176
Block: Buckler           |    21 |    25 |    61 ||   107
